 Dungeon Crawl Stone Soup version 0.31-a0-424-g41b3b0883d (webtiles) character file.

Game seed: 7589940410933019946

130 Ethylacetat the Changeling (level 5, -1/30 (31) HPs)
             Began as an Octopode Fire Elementalist on July 30, 2023.
             Slain by Crazy Yiuf
             ... wielding a +2 quarterstaff of chaos
              (8 damage)
             ... on level 3 of the Dungeon.
             The game lasted 00:11:13 (2520 turns).

Ethylacetat the Changeling (OpFE)                   Turns: 2520, Time: 00:11:14

HP:   -1/30 (31)    AC:  7    Str:  8    XL:     5   Next: 13%
MP:   3/8           EV: 19    Int: 19    God:
Gold: 149           SH:  0    Dex: 12    Spells: 7/8 levels left

rFire   + + .        o - melded +1 dagger (venom)
rCold   + + .        (shield currently unavailable)
rNeg    + + +        (helmet currently unavailable)
rPois   ∞            (amulet currently unavailable)
rElec   +            m - melded +4 ring of protection
rCorr   +            (ring currently unavailable)
SInv    .            (ring currently unavailable)
Will    .....        (ring currently unavailable)
Stlth   ++           (ring currently unavailable)
HPRegen 0.25/turn    (ring currently unavailable)
MPRegen 0.11/turn    (ring currently unavailable)
                     (ring currently unavailable)

%: no passive effects
@: wisp-form, flying, very slightly contaminated, hasted, lightly drained, very
quick
A: insubstantial, flying, no casting, almost no armour, (amphibious), (8 rings),
tiny, (camouflage 1), (gelatinous body 1), (nimble swimmer 1), (tentacles)
a: no special abilities


You were on level 3 of the Dungeon.
You were an insubstantial wisp.
You visited 1 branch of the dungeon, and saw 3 of its levels.

You collected 149 gold pieces.

Inventory:

Hand Weapons
 o - a +1 dagger of venom (melded)
Missiles
 k - 3 curare-tipped darts
Jewellery
 m - a +4 ring of protection (melded)
Talismans
 d - a maw talisman
Wands
 n - a wand of roots (7)
Scrolls
 b - a scroll of fear {unknown}
 c - 3 scrolls of teleportation {unknown}
 e - a scroll of acquirement {unknown}
 f - 2 scrolls of revelation {unknown}
 g - a scroll of blinking {unknown}
 h - 2 scrolls of identify {unknown}
 i - a scroll of poison {unknown}
 j - a scroll of enchant armour {unknown}
Potions
 a - a potion of magic
 l - a potion of heal wounds {unknown}


   Skills:
 - Level 2.1 Dodging
 - Level 3.0 Stealth
 - Level 2.1 Spellcasting
 - Level 1.2 Conjurations
 - Level 3.1 Fire Magic
 + Level 3.3 Shapeshifting


You had 7 spell levels left.
You knew the following spells:

 Your Spells              Type           Power      Damage    Failure   Level
a - Foxfire               Conj/Fire      40%        2x1d6     7%          1

Your spell library contained the following spells:

 Spells                   Type           Power      Damage    Failure   Level
 Scorch                   Fire           26%        2d6       7%          2
 Slow                     Hex            8%         N/A       17%         1
 Summon Small Mammal      Summ           8%         N/A       17%         1
 Inner Flame              Hex/Fire       7%         N/A       26%         3
 Volatile Blastmotes      Fire/Tloc      14%        2d11      26%         3
 Call Canine Familiar     Summ           2%         N/A       45%         3
 Ozocubu's Armour         Ice            2%         N/A       45%         3
 Summon Guardian Golem    Hex/Summ       2%         N/A       45%         3
 Flame Wave               Conj/Fire      10%        2d6       56%         4
 Anguish                  Hex/Necr       1%         N/A       86%         4
 Metabolic Englaciation   Hex/Ice        1%         N/A       99%         5
 Summon Forest            Summ/Tloc      1%         N/A       99%         5
 Simulacrum               Ice/Necr       1%         N/A       100%        6
 Enfeeble                 Hex            1%         N/A       100%        7


Dungeon Overview and Level Annotations

Branches:
Dungeon (3/15)

Altars:
Trog

Annotations:
D:3 2 transporters, Crazy Yiuf; mn3067's ghost, amateur MfSh


Innate Abilities, Weirdness & Mutations

You are an insubstantial wisp.
Your tiny insubstantial body is highly resistant to most damage types.
You are flying.
Your equipment is entirely melded.
You are incapable of wielding weapons or throwing items.
You cannot cast spells.
You cannot wear most types of armour.
((You are amphibious.))
((You can wear up to eight rings at the same time.))
((Your skin changes colour to match your surroundings (Stealth+).))
((Your rubbery body absorbs attacks. (AC +1, EV +1)))
((You are camouflaged when in or above water. (Stealth+)))
((You have tentacles for arms and can constrict up to eight enemies at once.))


Message History

Crazy Yiuf hits you with a +2 quarterstaff of chaos!
Crazy Yiuf burns you.
Casting: Foxfire (safe; 7% risk of failure)
Confirm with . or Enter, or press ? or * to list all spells.
You conjure some foxfire!
The foxfire hits Crazy Yiuf.
Crazy Yiuf is moderately wounded.
The foxfire hits Crazy Yiuf.
Crazy Yiuf is heavily wounded.
Crazy Yiuf closely misses you.
The foxfire hits Crazy Yiuf but does no damage.
Crazy Yiuf is heavily wounded.
The foxfire hits Crazy Yiuf.
Crazy Yiuf is heavily wounded.
Crazy Yiuf zaps a wand.
You turn into an insubstantial wisp.
Your +1 dagger of venom melds into your body.
Your +4 ring of protection melds into your body.
Your +1 dagger of venom stops dripping with poison.
Crazy Yiuf hits you with a +2 quarterstaff of chaos.
You closely miss Crazy Yiuf.
Crazy Yiuf is heavily wounded.
You barely miss Crazy Yiuf.
Crazy Yiuf is heavily wounded.
Crazy Yiuf laughs, "Whiteboard testudinal green!"
Crazy Yiuf misses you.
You touch Crazy Yiuf.
Crazy Yiuf is heavily wounded.
Crazy Yiuf cries, "Leather!
Defame return to song unthinkable."
Crazy Yiuf barely misses you.
You closely miss Crazy Yiuf.
Crazy Yiuf is heavily wounded.
Crazy Yiuf barely misses you.
You touch Crazy Yiuf.
Crazy Yiuf is severely wounded.
Crazy Yiuf hits you with a +2 quarterstaff of chaos!
* * * LOW HITPOINT WARNING * * *
You feel yourself speed up.
You touch Crazy Yiuf.
Crazy Yiuf is severely wounded.
Crazy Yiuf hits you with a +2 quarterstaff of chaos!
You die...

#.## ######### #.# ####.......##
#.## .†...####...## ##.. ######
#.....## ##. # ##.....##♣♣ ### #.
# ##..#....♣♣ ♣♣#..)# #. #
#........♣♣♣♣g'...# #. #
#.##...vg.♣..♣#...# #. #
##'###....♣.♣♣♣ ### #. #####
##...####♣♣♣♣♣ ###. )...#
##.....## #... .##.###..>....##
##### #####
..#.##.........####...#######.# #
.....+.........+..............###
....##.........####...#######....
.######.......## #..## ###.#


You could see Crazy Yiuf.

Vanquished Creatures
  6 adders
  A worm (D:3)
  4 dart slugs
  4 orcs (D:3)
  2 ball pythons (D:3)
  4 bats
  6 endoplasms
  2 giant cockroaches
  10 goblins
  6 hobgoblins
  4 kobolds
  A quokka (D:1)
  4 frilled lizards
  7 rats
61 creatures vanquished.

Vanquished Creatures (others)
  72 foxfires
72 creatures vanquished.

Grand Total: 133 creatures vanquished

Notes
Turn   | Place    | Note
-------+----------+-------------------------------------------
     0 | D:1      | Ethylacetat the Octopode Fire Elementalist began the quest
                  | for the Orb.
     0 | D:1      | Reached XP level 1. HP: 11/11 MP: 3/3
    81 | D:1      | Reached XP level 2. HP: 17/17 MP: 5/5
   309 | D:1      | Reached skill level 1 in Shapeshifting
   679 | D:1      | Reached XP level 3. HP: 10/21 MP: 6/6
   811 | D:2      | Found a bloodstained altar of Trog.
   928 | D:2      | Found a faded altar of an unknown god.
  1241 | D:2      | Reached XP level 4. HP: 27/27 MP: 3/7
  1851 | D:3      | Got the Commentary on Location and the Sphinx
  1895 | D:3      | Found a transporter.
  1900 | D:3      | Noticed mn3067's ghost (amateur MfSh)
  1955 | D:3      | Found a transporter.
  2021 | D:3      | Reached XP level 5. HP: 28/31 MP: 8/8
  2495 | D:3      | Found a runed translucent door.
  2496 | D:3      | Noticed Crazy Yiuf
  2520 | D:3      | Slain by Crazy Yiuf

Illustrated notes

Levels and vault maps discovered:
D:1:      dpeg_arrival_round_a, layout_rooms
D:2:      layout_loops_cross, dilly_ecumenical_altar_fadedgnrine, serial_glass,
          glass_columns_b, glass_columns_c, basic_altar
D:3:      layout_loops_corners, nzn_wu_jian_contemplation,
          gammafunk_ghost_stat_death, uniq_crazy_yiuf_cottage

Skill      XL: |  1  2  3  4 |
---------------+-------------+-----
Stealth        | 3 |  3.0
Shapeshifting  | 1 2 3 |  3.3
Dodging        | |  2.1
Spellcasting   | |  2.1
Conjurations   | |  1.2
Fire Magic     | |  3.1

Action                     |  1- 3 |  4- 6 || total
---------------------------+-------+-------++-------
  Melee: Unarmed           |    62 |    42 ||   104
         Tentacles         |    13 |    17 ||    30
         Constrict         |    19 |    16 ||    35
         Punch             |     1 |       ||     1
         Dagger            |       |    32 ||    32
   Cast: Foxfire           |    21 |    23 ||    44
    Use: Potion            |     1 |       ||     1
   Stab: Sleeping          |     5 |     3 ||     8
 Armour: Skin              |     3 |    10 ||    13
  Dodge: Dodged            |    40 |    40 ||    80

Table legend: (Time is in decaauts)
 A = Elapsed time spent in this place.
 B = Non-inter-level travel time spent in this place.
 C = Inter-level travel time spent in this place.
 D = Time resting spent in this place.
 E = Time spent auto-exploring this place.
 F = Levels seen in this place.
 G = Mean time per level.
                   A        B        C        D        E       F      G
               +--------+--------+--------+--------+--------+-----+--------+
         Total |   2527 |   2439 |     88 |     31 |   1798 |   3 |  842.3 |
       Dungeon |   2527 |   2439 |     88 |     31 |   1798 |   3 |  842.3 |
               +--------+--------+--------+--------+--------+-----+--------+

Top non-repeatable levels by time:
     D:2: 883 daAuts
     D:3: 850 daAuts
     D:1: 794 daAuts
